AoeStats
← Irving Legend

Coastal Forest

503627232Analyzed
2v2 RM · 1mo ago on Sep 1, 2026· 17m 58s· 4 players
Game mode
Random Map
Map size
Medium (4 player)
Population
200
Speed
Normal
Resources
Standard
Victory
Conquest
Starting age
Dark Age
Ending age
Imperial Age
RankedLock teamsTeams togetherTeam positionsShared explorationLock speedFull tech treeHidden civsTurbo modeCheats
Victory
Defeat
🇪🇸 Vietnamese · Spain
1157
+15
🇨🇦 Spanish · Canada
1137
+16
🇨🇴 Vietnamese · Colombia
1145
-16
🇨🇦 Romans · Canada
1124
-15
Thousk_
6:50 Loom
10:12 Feudal Age
10:44 Double-Bit Axe
16:54 Fletching
Irving Legend
7:20 Loom
9:55 Feudal Age
10:01 Man-at-Arms
12:47 Double-Bit Axe
19:16 Castle Age
CrazyM
4:24 Loom
10:26 Feudal Age
8:42 Loom
12:41 Double-Bit Axe
15:29 Fletching
Principipe6724
9:13 Loom
11:15 Feudal Age
15:17 Castle Age
13:43 Double-Bit Axe
Connection lost

Rejoining the realm…

Still unreachable

The connection could not be restored.

Session expired

The server has moved on; the page needs a fresh start.